 Dungeon Crawl Stone Soup version 0.31-a0-1205-g5e5e916f41 (webtiles) character file.

Game seed: 8450730566561639499

2471 utbildad the Chopper (level 9, -3/70 HPs)
             Began as a Demonspawn Chaos Knight on Dec 13, 2023.
             Slain by a soul eater (12 damage)
             ... summoned by Xom
             ... on level 6 of the Dungeon.
             The game lasted 00:17:36 (6837 turns).

utbildad the Chopper (Demonspawn Chaos Knight)      Turns: 6837, Time: 00:17:37

Health: -3/70      AC:  8    Str: 18    XL:     9   Next: 26%
Magic:  0/9        EV: 13    Int: 15    God:
Gold:   21         SH:  4    Dex: 14    Spells: 8/8 levels left

rFire   . . .        J - +6 battleaxe "Transmigrator" {flame, rElec Will+ Int+3, axe}
rCold   + + .        (shield currently unavailable)
rNeg    . . .        b - +2 leather armour
rPois   .            k - +2 hat
rElec   +            (no cloak)
rCorr   .            (no gloves)
SInv    +            (no boots)
Will    ++...        l - amulet of guardian spirit
Stlth   +            f - ring of see invisible
HPRegen 0.31/turn    s - ring of Xom's Flight of Fancy {rElec rC+ Str+2}
MPRegen 0.11/turn

%: guardian spirit
@: lethally poisoned (-3 -> -26), weakened
A: claws 1, spiny 1, sharp scales 1, condensation shield, talons 1, cold
resistance 1, strong-willed 1
a: no special abilities


You were on level 6 of the Dungeon.
You visited 1 branch of the dungeon, and saw 6 of its levels.
You also visited: Sewer.

You collected 239 gold pieces.
You spent 218 gold pieces at shops.


Innate Abilities, Weirdness & Mutations

You have sharp fingernails.
You are partially covered in sharp spines.
You are partially covered in razor-sharp scales. (AC +1, Slay +1)
A meltable shield of frost defends you. (SH +4)
You have sharp toenails.
Your flesh is cold resistant. (rC+)
You are strong-willed. (Will+)


   Skills:
 + Level 6.3 Fighting
 * Level 7.8 Axes
 + Level 5.3 Armour
 + Level 5.0 Dodging


You had 8 spell levels left.
You didn't know any spells.
Your spell library contained the following spells:

 Spells                   Type           Power      Damage    Failure   Level
 Apportation              Tloc           0%         N/A       30%         1
 Cigotuvi's Dreadful Rot  Necr/Pois/Air  0%         N/A       43%         2
 Jinxbite                 Hex            0%         N/A       43%         2
 Sublimation of Blood     Necr           0%         N/A       43%         2
 Ignite Poison            Fire/Tmut/Pois 0%         N/A       67%         3
 Inner Flame              Hex/Fire       0%         N/A       67%         3
 Flame Wave               Conj/Fire      0%         2d4       97%         4
 Petrify                  Tmut/Erth      0%         N/A       97%         4
 Sticky Flame             Conj/Fire      0%         2d3       97%         4
 Alistair's Intoxication  Tmut/Pois      0%         N/A       100%        5
 Freezing Cloud           Conj/Ice/Air   0%         6-21      100%        5
 Irradiate                Conj/Tmut      0%         3d11      100%        5

Inventory:

Hand Weapons
 a - a +0 hand axe of chaos {axe}
 x - a +1 hand axe of flaming {axe}
   (You found it in a sewer)
 H - a +0 hand axe of pain {axe}
   (You took it off an orc on level 5 of the Dungeon)
 J - the +6 battleaxe "Transmigrator" (weapon) {flame, rElec Will+ Int+3, axe}
   (You found it on level 6 of the Dungeon)

   Int+3:     It affects your intelligence (+3).
   rElec:     It insulates you from electricity.
   Will+:     It increases your willpower.
Missiles
 e - 91 stones {throwing}
 o - 4 javelins {throwing}
 v - 35 poisoned darts {throwing}
 L - 2 boomerangs {throwing}
Armour
 b - a +2 leather armour (worn)
 k - a +2 hat (worn)
   (You found it on level 1 of the Dungeon)
 K - a +2 buckler
   (You took it off a gnoll sergeant on level 6 of the Dungeon)
 O - the +0 pair of gloves of Trial and Error {-Tele Rampage *Slow Int+7}
   (You bought it in a shop on level 4 of the Dungeon)

   Int+7:     It affects your intelligence (+7).
   -Tele:     It prevents most forms of teleportation.
   *Slow:     It may slow you when you take damage.
   Rampage:   It bestows one free step when moving towards enemies.
Magical Staves
 j - a staff of cold {!astaff}
   (You found it on level 1 of the Dungeon)
 M - a staff of death {!astaff}
   (You found it on level 6 of the Dungeon)
Jewellery
 f - a ring of see invisible (left claw)
   (You found it on level 1 of the Dungeon)
 l - an amulet of guardian spirit (around neck)
   (You found it on level 1 of the Dungeon)
 m - an amulet of faith {!P}
   (You found it on level 1 of the Dungeon)
 r - a +6 ring of intelligence
   (You found it on level 2 of the Dungeon)
 s - the ring of Xom's Flight of Fancy (right claw) {rElec rC+ Str+2}
   (Xom gifted it to you in a sewer)

   [ring of protection from cold]

   Str+2:     It affects your strength (+2).
   rC+:       It protects you from cold.
   rElec:     It insulates you from electricity.
 E - a ring of fire
   (You found it on level 4 of the Dungeon)
Talismans
 n - a maw talisman
   (You found it on level 2 of the Dungeon)
 p - a beast talisman
   (You found it on level 2 of the Dungeon)
Scrolls
 c - 2 scrolls of butterflies
 d - 2 scrolls of immolation {!r!r}
 g - 2 scrolls of amnesia {unknown}
 q - 2 scrolls of identify {@r1}
 y - 2 scrolls of fear
 C - a scroll of poison {unknown}
 D - 2 scrolls of teleportation {unknown}
 F - a scroll of enchant armour {unknown}
 G - 2 scrolls of revelation {unknown}
 I - a scroll of blinking {unknown}
 N - a scroll of noise {unknown}
Potions
 h - 2 potions of cancellation {unknown}
 i - 4 potions of curing {@q1}
 t - 2 potions of haste {unknown}
 u - a potion of heal wounds {unknown}
 w - 3 potions of mutation {unknown}
 z - a potion of invisibility {unknown}
 A - a potion of resistance {unknown}
 B - a potion of berserk rage {unknown}

Dungeon Overview and Level Annotations

Branches:
Dungeon (6/15) Zot: 25376   Sewer (visited)
 Temple: D:4-7

Altars:
Sif Muna
Trog

Shops:
D:4 [

Annotations:
D:6 2 transporters, Fildev's ghost, novice SpHu

#.©#yy# #?#.©#©....#
##.#yy# y.#..#.###.#
#.#y#.#.#.#.#.# #.#
#.##...#...##.# #.#
#.####.###.##.# #.##
#.##...#.yy##.# #...
#.###.# #y###.# #...
#.3#########..# #...
##5@###.###...###...
##.45..............
#####.......#.....
#######.......
####.... ##### #....
#.... #....


You could see a soul eater (summoned), an orange demon (summoned, fleeing), a
killer bee (wandering), an iron imp (summoned, fleeing) and a crimson imp
(summoned, fleeing).


Message History

The killer bee buzzes angrily. 😮 HP[+4] MP[+2]
You regained 4 hp, and now have 38/70 hp.
Your mp is fully restored (9).
You start resting.
The killer bee buzzes angrily.
The queen bee buzzes angrily.
Xom's power touches on you for a moment.
Your body is wracked with pain!
* * * LOW HITPOINT WARNING * * *
The divine experience confuses you!
You are confused. 😨 HP[-6] MP[-3]
You take 6 damage, and now have 32/70 hp.
You lost 3 mp, and now have 6/9 mp.
The killer bee buzzes angrily.
Fildev's ghost lets out a mournful wail.
You're too confused to move!
You're too confused to move! 😨 HP[+1] You're too confused to move!
You feel less confused. 😨 HP[+1] 😨 MP[+1] 😨 HP[+1]
There is a transporter here. 😮 HP[+1] 😮 HP[+1] 😮 MP[+1]
You start resting. 😮 HP[+3] MP[+1]
You regained 3 hp, and now have 40/70 hp.
Your mp is fully restored (9).
You start resting. "Fight to survive, mortal." 😮 HP[+4]
You regained 4 hp, and now have 44/70 hp.
It was a potion of curing.
You feel better. 😕 HP[+10]
You regained 10 hp, and now have 54/70 hp.
Press: ? - help, v - describe, . - travel
Here: an orange demon (summoned)
The floor.
As you read the scroll labelled BEUGAT FOTEAXUSCH, it crumbles to dust.
It is a scroll of identify.
y - 3 scrolls of fear The ufetubus is struck by your spines.
You kill the ufetubus!
The ufetubus disappears in a puff of smoke!
The crimson imp shouts, "Escape, thou puny toad-spotted fleecer!"
You block the crimson imp's attack.
The crimson imp blinks!
The orange demon is struck by your spines.
The orange demon stings you!
You are poisoned.
The orange demon poisons you! The orange demon closely misses you.
The white imp gestures at you. The puff of frost hits you.
You resist. 😮 HP[-9] MP[-1]
You take 9 damage, and now have 45/70 hp.
You lost 1 mp, and now have 8/9 mp.
You closely miss the orange demon. You slash the crimson imp!
You slash the white imp! You burn the white imp.
You feel very sick. The white imp barely misses you.
The orange demon closely misses you. x2 😮 HP[-5]
You take 5 damage, and now have 40/70 hp.
You slash the orange demon! You burn the orange demon.
You barely miss the soul eater. You hit the white imp. You burn the white imp.
You kill the white imp!
The white imp disappears in a puff of smoke!
You feel very sick.
The crimson imp blinks!
The orange demon barely misses you. The orange demon hits you.
* * * LOW HITPOINT WARNING * * *
You feel your attacks grow feeble. 😨 HP[-7] MP[-1]
You take 7 damage, and now have 33/70 hp.
You lost 1 mp, and now have 7/9 mp.
As you read the scroll of identify {@r1}, it crumbles to dust.
d - 2 scrolls of immolation You feel sick.
The soul eater draws from the surrounding life force!
* * * LOW HITPOINT WARNING * * *
The orange demon is struck by your spines.
The orange demon stings you.
* * * LOW HITPOINT WARNING * * *
You are lethally poisoned!
The orange demon poisons you!
The orange demon closely misses you. 😱 HP[-17] MP[-3]
You take 17 damage, and now have 16/70 hp.
MASSIVE DAMAGE!! (PAUSE)
You lost 3 mp, and now have 4/9 mp.
As you read the scroll of fear, it crumbles to dust.
You assume a fearsome visage.
The orange demon looks frightened!
The crimson imp looks frightened!
The iron imp looks frightened!
The soul eater resists with almost no effort.
* * * LOW HITPOINT WARNING * * *
You feel extremely sick. The soul eater hits you!
You die...

Skill      XL: |  1  2  3  4  5  6  7  8  9 |
---------------+----------------------------+-----
Dodging        | 1 2 3 4 5 |  5.0
Armour         | 2 3 4 5 |  5.3
Axes           | 3 4 5 6 7 |  7.8
Fighting       | 4 5 6 |  6.3

Action                     |  1- 3 |  4- 6 |  7- 9 || total
---------------------------+-------+-------+-------++-------
  Melee: Hand axe          |   100 |   224 |   116 ||   440
         Punch             |     1 |     3 |     2 ||     6
         Kick              |       |    13 |    57 ||    70
         Battleaxe         |       |       |    56 ||    56
 Invoke: Renounce Religion |       |     1 |       ||     1
    Use: Scroll            |       |       |     3 ||     3
         Potion            |       |       |     1 ||     1
   Stab: Distracted        |     1 |       |       ||     1
         Confused          |       |     4 |       ||     4
         Sleeping          |       |     4 |       ||     4
 Armour: Leather armour    |    59 |   127 |   120 ||   306
  Dodge: Dodged            |    50 |   121 |   107 ||   278
  Block: Other             |       |    29 |    35 ||    64

Levels and vault maps discovered:
D:1:      elethiomel_arrival_shortcut, layout_basic, minmay_misc_feat_chi,
          minmay_indecisive_spiral
D:2:      layout_basic, basic_ecumenical_altar, minmay_goblin_kobold_house
D:3:      layout_basic, gup_sewer_entry_glass
D:4:      layout_loops_cross, lemuel_doored_altar, serial_shops,
          nicolae_shop_just_a_little_nook, roderic_roman_lattice
D:5:      layout_basic, mainiacjoe_overflow_24_doors, chequers_decorated_corner,
          nicolae_nh_ransacked_shop, uniq_sigmund, uniq_grinder
D:6:      layout_rooms, gammafunk_ghost_hive, nicolae_grassy_gnolls,
          uniq_blork_the_orc

Notes
Turn   | Place    | Note
-------+----------+-------------------------------------------
     0 | D:1      | utbildad the Demonspawn Chaos Knight began the quest for
                  | the Orb.
     0 | D:1      | Reached XP level 1. HP: 18/18 MP: 1/1
     0 | D:1      | magus.rc [v1.9.6]
     5 | D:1      | XOM: smoke on damage
    31 | D:1      | Reached skill level 1 in Dodging
   100 | D:1      | Gained mutation: You are partially covered in razor-sharp
                  | scales. (AC +1, Slay +1) [demonic ancestry]
   100 | D:1      | Reached XP level 2. HP: 17/24 MP: 2/2
   103 | D:1      | Reached skill level 2 in Armour
   107 | D:1      | Reached skill level 3 in Axes
   324 | D:1      | Reached XP level 3. HP: 29/29 MP: 3/3
   847 | D:1      | XOM: divination: detect items
  1060 | D:2      | XOM: divination: detect creatures
  1292 | D:2      | Found a faded altar of an unknown god.
  1486 | D:2      | XOM: divination: detect items
  1489 | D:2      | Reached XP level 4. HP: 35/35 MP: 4/4
  1876 | D:2      | XOM: divination: detect items
  2051 | D:3      | Found a glowing drain.
  2066 | Sewer    | Entered a sewer
  2108 | Sewer    | Identified the ring of Xom's Flight of Fancy {rElec rC+
                  | Str+2} (Xom gifted it to you in a sewer)
  2108 | Sewer    | XOM: god gift: ring of Xom's Flight of Fancy {rElec rC+
                  | Str+2}
  2120 | Sewer    | XOM: silly message
  2159 | Sewer    | XOM: confuse monster(s)
  2175 | Sewer    | Reached skill level 2 in Dodging
  2182 | Sewer    | Gained mutation: A meltable shield of frost defends you.
                  | (SH +4) [demonic ancestry]
  2182 | Sewer    | Reached XP level 5. HP: 35/41 MP: 3/5
  2218 | Sewer    | Reached skill level 4 in Axes
  2405 | Sewer    | Reached skill level 3 in Armour
  2470 | Sewer    | Reached skill level 4 in Fighting
  2489 | Sewer    | Gained mutation: You are partially covered in sharp spines.
                  | [demonic ancestry]
  2489 | Sewer    | Reached XP level 6. HP: 43/47 MP: 4/6
  2725 | D:3      | XOM: cloud trail
  3194 | D:3      | XOM: summons 4 hostile demons
  3213 | D:3      | HP: 4/48 [shadow imp/nerve-wracking pain[Xom] (10)]
  3402 | D:4      | Found a bloodstained altar of Trog.
  3521 | D:4      | Found Boblud's Antique Armour Shop.
  3535 | D:4      | XOM: give mutations
  3535 | D:4      | Gained mutation: Your flesh is cold resistant. (rC+) [Xom's
                  | grace]
  3535 | D:4      | Gained mutation: You have sharp toenails. [Xom's grace]
  3535 | D:4      | Gained mutation: You have sharp fingernails. [Xom's grace]
  3535 | D:4      | Gained mutation: You are strong-willed. (Will+) [Xom's
                  | grace]
  3576 | D:4      | XOM: stat loss: -1 Int (11/12)
  3599 | D:4      | Fell from the grace of Xom
  4086 | D:4      | XOM: noise
  4091 | D:4      | You pick up a book of Alchemy and begin reading...
  4091 | D:4      | You add the spells Sublimation of Blood, Petrify and
                  | Irradiate to your library.
  4113 | D:4      | XOM: noise
  4193 | D:5      | Entered Level 5 of the Dungeon
  4200 | D:5      | You pick up a book of Party Tricks and begin reading...
  4200 | D:5      | You add the spells Apportation, Jinxbite and Alistair's
                  | Intoxication to your library.
  4233 | D:5      | Noticed an ice beast
  4245 | D:5      | Killed an ice beast
  4246 | D:5      | Reached skill level 5 in Axes
  4282 | D:5      | Found a shimmering blue altar of Sif Muna.
  4395 | D:5      | XOM: 2-stop teleportation journey
  4398 | D:5      | Reached skill level 3 in Dodging
  4398 | D:5      | Mutation became permanent: You have sharp fingernails.
                  | [demonic ancestry]
  4398 | D:5      | Gained mutation: You have sharp fingernails. [demonic
                  | ancestry]
  4398 | D:5      | Reached XP level 7. HP: 55/55 MP: 7/7
  4579 | D:5      | Reached skill level 4 in Armour
  4625 | D:5      | You pick up a book of Flames and begin reading...
  4625 | D:5      | You add the spells Inner Flame, Sticky Flame and Flame Wave
                  | to your library.
  4630 | D:5      | Noticed Grinder
  4658 | D:5      | Killed Grinder
  4659 | D:5      | Reached skill level 5 in Fighting
  4659 | D:5      | Reached skill level 6 in Axes
  4659 | D:5      | Reached XP level 8. HP: 53/62 MP: 6/8
  4818 | D:5      | Reached skill level 4 in Dodging
  5078 | D:5      | XOM: summons 6 hostile demons
  5079 | D:5      | Noticed a red devil
  5079 | D:5      | Noticed an orange demon
  5079 | D:5      | Noticed an orange demon
  5132 | D:4      | XOM: stat loss: -3 Str (13/16)
  5248 | D:6      | XOM: summons 3 hostile shadow creatures
  5401 | D:6      | Reached skill level 7 in Axes
  5416 | D:6      | Noticed Blork the orc
  5424 | D:6      | Killed Blork the orc
  5442 | D:6      | Identified the +6 battleaxe "Transmigrator" {flame, rElec
                  | Will+ Int+3}
  5520 | D:6      | HP: 14/64 [yak (6)]
  5529 | D:5      | HP: 8/64 [yak (3)]
  5722 | D:5      | Reached skill level 6 in Fighting
  5722 | D:5      | Reached skill level 5 in Armour
  5722 | D:5      | Reached XP level 9. HP: 29/69 MP: 3/9
  5907 | D:6      | Reached skill level 5 in Dodging
  6284 | D:6      | You add the spells Cigotuvi's Dreadful Rot, Ignite Poison
                  | and Freezing Cloud to your library.
  6411 | D:6      | Noticed a queen bee
  6426 | D:6      | Noticed Fildev's ghost (novice SpHu)
  6545 | D:4      | Bought a pair of heavily runed gloves for 218 gold pieces
  6545 | D:4      | Identified the +0 pair of gloves of Trial and Error {-Tele
                  | Rampage *Slow Int+7} (You bought it in a shop on level 4 of
                  | the Dungeon)
  6673 | D:6      | Found a transporter.
  6678 | D:6      | Found a transporter.
  6683 | D:6      | XOM: summons 4 hostile shadow creatures
  6790 | D:6      | XOM: torment (32/70 hp)
  6831 | D:6      | XOM: summons 7 hostile demons
  6832 | D:6      | Noticed an orange demon
  6832 | D:6      | Noticed a soul eater
  6836 | D:6      | HP: 16/70 [orange demon[Xom] (5)]
  6837 | D:6      | Slain by a soul eater

Vanquished Creatures
  Grinder (D:5)
  5 yaks
  2 water moccasins
  A black bear (D:5)
  An ice beast (D:5)
  2 phantoms (D:5)
  A kobold brigand (Sewer)
  Blork the orc (D:6)
  2 scorpions
  A gnoll sergeant (D:6)
  A howler monkey (D:6)
  3 orc priests
  2 gnoll boudas (D:6)
  3 orc wizards
  A sleepcap (D:5)
  7 adders
  7 gnolls (D:6)
  6 river rats (Sewer)
  3 worms
  8 dart slugs
  42 orcs
  13 ball pythons
  7 endoplasms
  6 giant cockroaches
  11 goblins
  7 hobgoblins
  3 jackals (D:2)
  30 kobolds
  2 quokkas
  5 bats
  7 frilled lizards
  28 rats
219 creatures vanquished.

Vanquished Creatures (others)
  A worm (D:2)
  A quokka zombie (D:2)
2 creatures vanquished.

Grand Total: 221 creatures vanquished

Table legend:
 A = Non-vault XP
 B = Vault XP
 C = Vault XP percentage of total XP
 D = Non-vault monster count
 E = Vault monster count
 F = Vault count percentage of total count
                 A         B        C        D         E       F
            +---------+---------+-------+---------+---------+-------
      Total |    2697 |     834 |  23.6 |     135 |      84 |  38.4
            +---------+---------+-------+---------+---------+-------
        D:1 |      50 |       7 |  12.3 |      26 |       4 |  13.3
        D:2 |      68 |       6 |   8.1 |      22 |       3 |  12.0
        D:3 |      70 |       2 |   2.8 |      16 |       1 |   5.9
        D:4 |     135 |       0 |   0.0 |      20 |       0 |   0.0
        D:5 |    1705 |     343 |  16.7 |      33 |       6 |  15.4
        D:6 |     669 |     228 |  25.4 |      18 |       7 |  28.0
      Sewer |       0 |     248 | 100.0 |       0 |      63 | 100.0
            +---------+---------+-------+---------+---------+-------

Skill      XL: |  1  2  3  4  5  6  7  8  9 |
---------------+----------------------------+-----
Dodging        | 1 2 3 4 5 |  5.0
Armour         | 2 3 4 5 |  5.3
Axes           | 3 4 5 6 7 |  7.8
Fighting       | 4 5 6 |  6.3

Action                     |  1- 3 |  4- 6 |  7- 9 || total
---------------------------+-------+-------+-------++-------
  Melee: Hand axe          |   100 |   224 |   116 ||   440
         Punch             |     1 |     3 |     2 ||     6
         Kick              |       |    13 |    57 ||    70
         Battleaxe         |       |       |    56 ||    56
 Invoke: Renounce Religion |       |     1 |       ||     1
    Use: Scroll            |       |       |     3 ||     3
         Potion            |       |       |     1 ||     1
   Stab: Distracted        |     1 |       |       ||     1
         Confused          |       |     4 |       ||     4
         Sleeping          |       |     4 |       ||     4
 Armour: Leather armour    |    59 |   127 |   120 ||   306
  Dodge: Dodged            |    50 |   121 |   107 ||   278
  Block: Other             |       |    29 |    35 ||    64

Illustrated notes

Table legend:
 A = Kills in this place as a percentage of kills in the entire game.
 B = Kills by you in this place as a percentage of kills by you in the entire game.
 C = Kills by friends in this place as a percentage of kills by friends in the entire game.
 D = Other kills in this place as a percentage of other kills in the entire game.
 E = Experience gained in this place as a percentage of experience gained in the entire game.
 F = Experience gained in this place divided by the number of levels of this place that you have seen.
                   A       B       C       D       E      F
               +-------+-------+-------+-------+-------+----------------------
         Total | 100.0 | 100.0 |   N/A | 100.0 | 100.0 | 504.4
       Dungeon |  71.2 |  72.2 |   N/A |   0.0 |  93.0 | 547.2
         Sewer |  28.8 |  27.8 |   N/A | 100.0 |   7.0 | 248.0
               +-------+-------+-------+-------+-------+----------------------

Table legend: (Time is in decaauts)
 A = Elapsed time spent in this place.
 B = Non-inter-level travel time spent in this place.
 C = Inter-level travel time spent in this place.
 D = Time resting spent in this place.
 E = Time spent auto-exploring this place.
 F = Levels seen in this place.
 G = Mean time per level.
                   A        B        C        D        E       F      G
               +--------+--------+--------+--------+--------+-----+--------+
         Total |   6898 |   6490 |    408 |    571 |   4548 |   7 |  985.4 |
       Dungeon |   6339 |   5931 |    408 |    571 |   4201 |   6 | 1056.5 |
         Sewer |    558 |    558 |      0 |      0 |    347 |   1 |  558.0 |
               +--------+--------+--------+--------+--------+-----+--------+

Top non-repeatable levels by time:
     D:5: 1446 daAuts
     D:6: 1040 daAuts
     D:2: 1025 daAuts
     D:4: 985 daAuts
     D:1: 934 daAuts
     D:3: 907 daAuts
   Sewer: 558 daAuts
